 Dungeon Crawl Stone Soup version 0.29-a0-870-g2c972031a6 (webtiles) character file.

Game seed: 3600914929123905047

1440 nxtlvl the Nimble (level 8, -2/45 HPs)
             Began as a Deep Elf Monk on July 17, 2022.
             Slain by an iguana (13 damage)
             ... on level 5 of the Dungeon.
             The game lasted 00:27:36 (3077 turns).

nxtlvl the Nimble (Deep Elf Monk)                   Turns: 3077, Time: 00:27:37

Health: -2/45      AC:  3    Str:  8    XL:     8   Next: 46%
Magic:  14/14      EV: 19    Int: 18    God:
Gold:   223        SH:  0    Dex: 23    Spells: 12/12 levels left

rFire   . . .      SeeInvis .   a - +2 dagger (venom)
rCold   . . .      Faith    .   (no shield)
rNeg    . . .      Spirit   .   m - +0 robe
rPois   +          Reflect  .   o - +0 helmet
rElec   .          Harm     .   (no cloak)
rCorr   .          Rampage  .   (no gloves)
Will    .....                   (no boots)
Stlth   +++.......              d - amulet of the acrobat
HPRegen 0.15/turn               g - ring of poison resistance
MPRegen 0.14/turn               h - +6 ring of dexterity

@: no status effects
A: no striking features
a: no special abilities


You were on level 5 of the Dungeon.
You visited 1 branch of the dungeon, and saw 5 of its levels.

You collected 223 gold pieces.

Inventory:

Hand Weapons
 a - a +2 dagger of venom (weapon)
 b - a +0 sling
 f - a +3 dagger
Missiles
 x - 3 poisoned darts
 y - 5 stones
Armour
 j - the +3 ring mail "Winiabb" {rC- Regen+ Str+8 Int-4}
   (You found it on level 5 of the Dungeon)

   Str:       It affects your strength (+8).
   Int:       It affects your intelligence (-4).
   rC:        It makes you vulnerable to cold.
   Regen:     It increases your rate of health regeneration.
 m - a +0 robe (worn)
 o - a +0 helmet (worn)
Jewellery
 d - an amulet of the acrobat (around neck)
 g - a ring of poison resistance (left hand)
 h - a +6 ring of dexterity (right hand)
 t - a ring of wizardry
 u - an amulet of faith
 v - a ring of flight
Wands
 e - a wand of paralysis (1)
 A - a wand of flame (16)
Scrolls
 c - a scroll of brand weapon
 i - 3 scrolls of torment {unknown}
 l - 2 scrolls of magic mapping
 n - a scroll of fear
 p - a scroll of blinking
 r - 2 scrolls of amnesia {unknown}
 s - a scroll of teleportation
 z - a scroll of poison {unknown}
Potions
 k - a potion of curing
 q - 3 potions of ambrosia
 w - a potion of mutation


   Skills:
 - Level 2.4 Fighting
 - Level 8.0 Short Blades
 * Level 9.3 Dodging
 - Level 2.4 Stealth
 - Level 2.7 Spellcasting


You had 12 spell levels left.
You didn't know any spells.
Your spell library contained the following spells:

 Spells                   Type           Power      Damage    Failure   Level
 Ensorcelled Hibernation  Hex/Ice        4%         N/A       26%         2
 Passwall                 Tmut/Erth      1%         N/A       26%         2
 Swiftness                Air            2%         N/A       45%         3


Dungeon Overview and Level Annotations

Branches:
Dungeon (5/15)
 Temple: D:4-7

Altars:
Yredelemnul
Zin
The Shining One

Shops:
D:3 [

Annotations:
D:3 3 runed translucent doors, Bediveer's ghost, amateur OgGl; Crazy Yiuf; Sigmund
D:5 Pikel


Message History

The lemure is heavily wounded.
The lemure misses you.
You miss the lemure.
The lemure is heavily wounded.
You hit the lemure.
The lemure looks as sick as possible!
The lemure is severely wounded.
The lemure hits you!
* * * LOW HITPOINT WARNING * * *
You hit the lemure.
The lemure is almost dead.
You hit the lemure but do no damage.
The lemure looks as sick as possible!
The lemure is almost dead.
The lemure closely misses you.
You puncture the lemure!
You kill the lemure!
That felt strangely unrewarding.
A phantom comes into view.
The helpless phantom fails to defend itself.
You perforate the phantom like a sieve!!!
You destroy the phantom!
An iguana is nearby!
You hit the iguana.
The iguana is moderately wounded.
The iguana bites you.
The orc shouts!
You hit the iguana but do no damage.
The iguana is poisoned.
The iguana is moderately wounded.
You closely miss the iguana.
The iguana is moderately wounded.
The iguana bites you!
* * * LOW HITPOINT WARNING * * *
You hit the iguana.
The iguana looks as sick as possible!
The iguana is heavily wounded.
The iguana misses you.
You hit the iguana.
The iguana looks as sick as possible!
The iguana is heavily wounded.
You hit the iguana but do no damage.
The iguana looks as sick as possible!
The iguana is heavily wounded.
The iguana bites you!
You die...

#.###.##.###### #.# .##
##.........# #.# #.#
#.##.#####.# ##.## ..#..
...# ##.#####...# .#.##
.#.# #..........## #### ..
...#...........#
#####.o...#.###.#.#########
#...#...#.# #.÷#.....†...
#<# #..l@.# #.#.########.
#..........#####.#.# #.
#.###.#####.......#.# #.
#.# #########.# #. #o#
#.### #. #.# #.?.# #. #o#
###.# #. #l. #.### #. #...#
#.


You could see an iguana (extremely poisoned) and an orc.

Vanquished Creatures
  Grinder (D:3)
  Eustachio (D:4)
  2 water moccasins
  2 ogres (D:4)
  4 lemures (D:5)
  3 phantoms (D:5)
  Blork the orc (D:4)
  A bullfrog (D:4)
  2 jellies
  2 human skeletons (D:4)
  Ijyb (D:3)
  An orc wizard (D:4)
  2 iguanas (D:5)
  Robin (D:2)
  4 adders
  2 dart slugs (D:1)
  8 orcs
  12 endoplasms
  8 giant cockroaches
  15 goblins
  11 hobgoblins
  6 kobolds
  A quokka (D:4)
  9 ball pythons
  2 bats
  2 frilled lizards
  A goblin zombie (D:4)
  8 rats
113 creatures vanquished.

Notes
Turn   | Place    | Note
-------+----------+-------------------------------------------
     0 | D:1      | nxtlvl the Deep Elf Monk began the quest for the Orb.
     0 | D:1      | Reached XP level 1. HP: 13/13 MP: 3/3
   151 | D:1      | Reached XP level 2. HP: 13/18 MP: 4/4
   406 | D:1      | Reached XP level 3. HP: 17/22 MP: 5/5
   716 | D:2      | Noticed Robin
   775 | D:2      | Killed Robin
   776 | D:2      | Reached skill level 5 in Short Blades
   776 | D:2      | Reached XP level 4. HP: 21/27 MP: 6/6
  1232 | D:3      | Found a runed translucent door.
  1233 | D:3      | Noticed Crazy Yiuf
  1276 | D:3      | Found a runed translucent door.
  1279 | D:3      | Noticed Bediveer's ghost (amateur OgGl)
  1284 | D:3      | Found Vuitt's Armour Shop.
  1312 | D:3      | Found a runed translucent door.
  1314 | D:3      | Noticed Sigmund
  1367 | D:4      | Noticed an ogre
  1383 | D:4      | Killed an ogre
  1384 | D:4      | Reached XP level 5. HP: 31/31 MP: 7/7
  1392 | D:4      | Noticed a water moccasin
  1394 | D:4      | Killed a water moccasin
  1395 | D:4      | Reached XP level 6. HP: 36/36 MP: 8/8
  1728 | D:3      | Noticed Grinder
  1730 | D:3      | Noticed Ijyb
  1731 | D:3      | Killed Grinder
  1732 | D:3      | Reached skill level 4 in Dodging
  1732 | D:3      | Reached XP level 7. HP: 40/40 MP: 8/13
  1756 | D:3      | Paralysed by Ijyb for 2 turns
  1775 | D:3      | Killed Ijyb
  2186 | D:4      | Reached skill level 5 in Dodging
  2226 | D:4      | Noticed Eustachio
  2323 | D:4      | Reached skill level 6 in Dodging
  2354 | D:4      | Found a glowing silver altar of Zin.
  2372 | D:4      | Noticed Blork the orc
  2381 | D:4      | Killed Blork the orc
  2414 | D:4      | Found a glowing golden altar of the Shining One.
  2451 | D:4      | Found a runed translucent door.
  2451 | D:4      | Noticed a human
  2480 | D:4      | Found a basalt altar of Yredelemnul.
  2506 | D:5      | Entered Level 5 of the Dungeon
  2513 | D:4      | Killed Eustachio
  2514 | D:4      | Reached skill level 7 in Dodging
  2514 | D:4      | Reached XP level 8. HP: 41/45 MP: 14/14
  2658 | D:5      | Reached skill level 8 in Dodging
  2749 | D:5      | Identified the +3 ring mail "Winiabb" {rC- Regen+ Str+8
                  | Int-4}
  2896 | D:5      | Reached skill level 9 in Dodging
  2966 | D:5      | Noticed Pikel
  3077 | D:5      | Slain by an iguana

Illustrated notes

Levels and vault maps discovered:
D:1:      psy_arrival_conway, layout_loops_ring
D:2:      layout_basic, minmay_misc_feat_nine_boxes, kennysheep_potato,
          uniq_robin
D:3:      kennysheep_the_goblin_king, layout_rooms, ebering_ghost_sewer_f,
          serial_shops, shop, uniq_grinder, uniq_crazy_yiuf_cottage,
          uniq_sigmund
D:4:      layout_basic, dk_yredelemnul_ordeal, mainiacjoe_overflow_two_lobes,
          uniq_eustachio, uniq_blork_the_orc
D:5:      layout_loops_ring, uniq_pikel

Skill      XL: |  1  2  3  4  5  6  7  8 |
---------------+-------------------------+-----
Short Blades   | 4 5 6 7 8 |  8.0
Dodging        | 4 7 9 |  9.3
Spellcasting   | 2 |  2.7
Fighting       | |  2.4
Stealth        | |  2.4

Action                   |  1- 3 |  4- 6 |  7- 9 || total
-------------------------+-------+-------+-------++-------
Melee: Short sword       |   120 |    13 |       ||   133
       Punch             |     1 |     1 |     2 ||     4
       Dagger            |       |    34 |   192 ||   226
 Fire: Sling             |       |    36 |     7 ||    43
Evoke: Wand              |     5 |     8 |    18 ||    31
  Use: Potion            |     1 |       |       ||     1
       Scroll            |       |     6 |     2 ||     8
 Stab: Sleeping          |    12 |     2 |     4 ||    18
       Paralysed         |       |       |     3 ||     3
Armor: Robe              |     5 |     4 |     8 ||    17
Dodge: Dodged            |    90 |    32 |    63 ||   185

Table legend: (Time is in decaauts)
 A = Elapsed time spent in this place.
 B = Non-inter-level travel time spent in this place.
 C = Inter-level travel time spent in this place.
 D = Time resting spent in this place.
 E = Time spent auto-exploring this place.
 F = Levels seen in this place.
 G = Mean time per level.
                   A        B        C        D        E       F      G
               +--------+--------+--------+--------+--------+-----+--------+
         Total |   2989 |   2833 |    156 |      0 |     41 |   5 |  597.8 |
       Dungeon |   2989 |   2833 |    156 |      0 |     41 |   5 |  597.8 |
               +--------+--------+--------+--------+--------+-----+--------+

Top non-repeatable levels by time:
     D:4: 984 daAuts
     D:2: 676 daAuts
     D:1: 459 daAuts
     D:5: 448 daAuts
     D:3: 420 daAuts
